Map: Ulrena

Players

Frozzen

  • Race: Zerg Zerg
  • League: Diamond

Zalot - Winner!

  • Race: Protoss Protoss
  • League: Gold

VOD

Have the link to the VOD?

Description

Time

  • Played on: Nov. 20, 2015, 12:14 p.m.
  • Length: 3:11
Show
View Real Time Build Order
Export as new Build Order

Frozzen Zerg 

Build Orders: Pool First 

Get SALT Encoding   

  12  0:01  Drone  
  13  0:08  Drone  
  14  0:17  Drone, Extractor  
  14  0:33  Spawning Pool  
  14  0:35  Drone  
  14  0:46  Drone, Extractor  
  15  0:51  Overlord  
  15  1:19  Metabolic Boost  
  15  1:20  Queen  
  15  1:21  Zergling x2  
  15  1:23  Zergling x2  
  19  1:26  Zergling x2  
  19  1:32  Zergling x2  
  21  1:42  Zergling x2  
  22  1:57  Hatchery  
  21  2:02  Overlord  
  21  2:06  Zergling x2  
  22  2:20  Zergling x2  
  22  2:31  Zergling x2  
  22  2:32  Zergling x6  
  26  2:43  Zergling x2  
Show
View Real Time Build Order
Export as new Build Order

Zalot Protoss - Winner!

Build Orders:  

Get SALT Encoding   

  12  0:01  Probe (Chrono Boost)  
  13  0:11  Probe (Chrono Boost)  
  14  0:19  Pylon  
  14  0:23  Probe (Chrono Boost)  
  15  0:38  Probe (Chrono Boost)  
  15  0:40  Gateway  
  16  0:48  Probe (Chrono Boost)  
  17  0:58  Pylon  
  17  0:59  Probe (Chrono Boost)  
  17  1:01  Assimilator  
  18  1:09  Probe (Chrono Boost)  
  19  1:15  Forge  
  19  1:20  Probe (Chrono Boost), Assimilator  
  20  1:30  Pylon  
  20  1:33  Zealot (Chrono Boost)  
  22  1:44  Cybernetics Core  
  22  1:49  Probe (Chrono Boost)  
  23  1:59  Probe  
  24  2:07  Zealot (Chrono Boost)  
  26  2:13  Photon Cannon  
  26  2:20  Photon Cannon  
  24  2:39  Pylon  
  24  2:55  Pylon  
Tags
 
Matchup
PvZ
Opening
Pool First
Replay Pack
21-11-15
Add a new tag
Caveats
  • Supply blocks, unpowered buildings, or Contaminate may cause inaccurate times.
  • Supply counts are checked every 10 seconds.